 Dungeon Crawl Stone Soup version 0.31-a0-960-g0fca184906 (webtiles) character file.

Game seed: 3114342923498356661

2000 p00ps00p the Cleaver (level 9, -1/121 HPs)
             Began as a Hill Orc Fighter on Oct 24, 2023.
             Was an Initiate of Gozag.
             Slain by a black bear (5 damage)
             ... on level 7 of the Dungeon.
             The game lasted 00:09:38 (5106 turns).

p00ps00p the Cleaver (Hill Orc Fighter)             Turns: 5106, Time: 00:09:38

Health: -1/121     AC: 24    Str: 23    XL:     9   Next: 22%
Magic:  9/9        EV:  2    Int:  8    God:    Gozag
Gold:   318        SH:  7    Dex: 10    Spells: 8/8 levels left

rFire   + . .        q - +0 hand axe (vamp)
rCold   . . .        c - +2 buckler
rNeg    . . .        i - melded +0 chain mail
rPois   +            n - melded +0 helmet
rElec   .            (cloak currently unavailable)
rCorr   .            (gloves currently unavailable)
SInv    .            (boots currently unavailable)
Will    .....        f - amulet of regeneration
Stlth   +            m - ring of protection from fire
HPRegen 1.20/turn    (no ring)
MPRegen 0.11/turn

%: no passive effects
@: lethally poisoned (-1 -> -3), tree-form
A: stationary, stasis, torment immunity, boosted hp
a: Renounce Religion, Potion Petition, Call Merchant, Bribe Branch


You were on level 7 of the Dungeon.
You worshipped Gozag.
Gozag was aware of your devotion.
You were a tree.
You visited 2 branches of the dungeon, and saw 8 of its levels.

You collected 405 gold pieces.
You paid 87 gold pieces to Gozag.

Inventory:

Hand Weapons
 a - a +1 war axe
 q - a +0 vampiric hand axe (weapon)
Missiles
 k - a throwing net
Armour
 b - a +0 scale mail
 c - a +2 buckler (worn)
 i - a +0 chain mail (melded)
 n - a +0 helmet (melded)
Jewellery
 f - an amulet of regeneration (around neck)
 l - an amulet of reflection
 m - a ring of protection from fire (left branch)
Wands
 g - a wand of iceblast (18)
 j - a wand of flame (17)
 v - a wand of quicksilver (12)
 x - a wand of digging (6)
Scrolls
 r - 2 scrolls of enchant armour
 w - a scroll of fog
 y - a scroll of teleportation {unknown}
 z - a scroll of vulnerability
 A - a scroll of identify
Potions
 d - a potion of might
 e - 2 potions of lignification
 h - 2 potions of cancellation
 o - a potion of brilliance {unknown}
 p - a potion of heal wounds {unknown}
 s - a potion of curing {unknown}
 t - a potion of invisibility {unknown}
 u - a potion of berserk rage {unknown}


   Skills:
 + Level 7.9 Fighting
 + Level 8.1 Axes
 + Level 7.2 Armour
 + Level 7.3 Shields


You had 8 spell levels left.
You didn't know any spells.
Your spell library contained the following spells:

 Spells                   Type           Power      Damage    Failure   Level
 Blink                    Tloc           0%         N/A       58%         2
 Lesser Beckoning         Tloc           0%         N/A       58%         2
 Momentum Strike          Conj/Tloc      0%         3d8       58%         2
 Dazzling Flash           Conj/Hex       0%         N/A       83%         3
 Tukima's Dance           Hex            0%         N/A       83%         3
 Dimensional Bullseye     Hex/Tloc       0%         N/A       99%         4
 Iskenderun's Mystic Bla  Conj/Tloc      0%         2d3       99%         4
 Passage of Golubria      Tloc           0%         N/A       99%         4
 Agony                    Necr           0%         N/A       100%        5
 Silence                  Hex/Air        0%         N/A       100%        5
 Yara's Violent Unravell  Hex/Tmut       0%         3d3       100%        5


Dungeon Overview and Level Annotations

Branches:
Dungeon (7/15)             Temple (1/1) D:5

Altars:
Ashenzari
Cheibriados
Dithmenos
Elyvilon
Fedhas
Gozag
Hepliaklqana
Kikubaaqudgha
Makhleb
Nemelex Xobeh
Okawaru
Qazlal
Ru
Sif Muna
Trog
Uskayaw
Vehumet
Wu Jian
Xom
Zin
The Shining One

Shops:
D:2 =   D:4 (:


Message History

You block the killer bee's attack.
The killer bee stings you but does no damage. x3
The black bear bites you.
* * * LOW HITPOINT WARNING * * *
You block the black bear's attack.
The black bear claws you but does no damage.
The killer bee stings you but does no damage. x2
The killer bee barely misses you. The killer bee stings you.
* * * LOW HITPOINT WARNING * * *
A hound comes into view.
You block the black bear's attack.
The black bear claws you but does no damage. x2
You closely miss the killer bee.
The killer bee is lightly wounded.
The hound barks!
You hit the killer bee. You miss the killer bee. You hit the black bear.
You hit the killer bee.
You feel better.
* * * LOW HITPOINT WARNING * * *
You feel very sick.
The killer bee stings you but does no damage.
The killer bee stings you.
* * * LOW HITPOINT WARNING * * *
You block the killer bee's attack.
The killer bee stings you but does no damage.
You block the killer bee's attack.
The killer bee stings you but does no damage.
The black bear bites you but does no damage.
The black bear claws you but does no damage. x2
The killer bee stings you but does no damage. x2
You barely miss the killer bee.
The killer bee is lightly wounded.
You hit the black bear but do no damage.
You miss the killer bee. You hit the killer bee.
You feel better.
You hit the killer bee.
You feel better.
You feel sick.
The killer bee stings you but does no damage. x2
The killer bee completely misses you. You block the killer bee's attack.
The black bear bites you but does no damage.
The black bear barely misses you. The black bear claws you.
You die...
Your body crumbles into a pile of gold.

#.###### ##.##...#
####.......#
##.###......#
##...##.....##
####.........#..# ##
.##.....####....## ..##
.....)....#......#....#
.##............y♣h#
...............yyy...#
...............(y.......
.......####....>........
.......#####[....#......
.......#.# ##.####......
.........###..# h.....
......##......## ......
..#..###........


You could see a black bear (berserk), a hound and 5 killer bees.

Vanquished Creatures
  Grinder (D:3)
  A water moccasin (D:7)
  An ogre (D:4)
  An ice beast (D:6)
  A sky beast (D:6)
  4 centaurs
  2 phantoms
  A bullfrog (D:6)
  A gnoll sergeant (D:5)
  4 scorpions
  2 howler monkeys
  A crimson imp (D:6)
  3 hounds
  2 jellies
  2 iguanas (D:5)
  2 sleepcaps (D:5)
  Ijyb (D:3)
  4 gnolls (D:5)
  7 adders
  2 worms
  4 dart slugs
  14 orcs
  7 ball pythons
  6 bats
  6 endoplasms
  3 giant cockroaches
  6 goblins
  7 hobgoblins
  3 jackals (D:5)
  9 kobolds
  4 quokkas
  7 frilled lizards
  3 rats
122 creatures vanquished.

Notes
Turn   | Place    | Note
-------+----------+-------------------------------------------
     0 | D:1      | p00ps00p the Hill Orc Fighter began the quest for the Orb.
     0 | D:1      | Reached XP level 1. HP: 19/19 MP: 1/1
   249 | D:1      | Reached skill level 3 in Axes
   249 | D:1      | Reached XP level 2. HP: 20/27 MP: 2/2
   360 | D:1      | Found a faded altar of an unknown god.
   510 | D:1      | Reached XP level 3. HP: 33/33 MP: 3/3
  1539 | D:2      | Found Vaemoxza's Jewellery Boutique.
  1703 | D:3      | Reached XP level 4. HP: 40/40 MP: 4/4
  1753 | D:3      | Noticed Ijyb
  1772 | D:3      | Killed Ijyb
  1829 | D:3      | Noticed Grinder
  1833 | D:3      | Paralysed by Grinder for 4 turns
  1839 | D:3      | Killed Grinder
  1840 | D:3      | Reached skill level 5 in Fighting
  1840 | D:3      | Reached skill level 4 in Axes
  1840 | D:3      | Reached XP level 5. HP: 37/48 MP: 5/5
  1840 | D:3      | Reached XP level 6. HP: 44/56 MP: 6/6
  2410 | D:4      | Reached skill level 5 in Axes
  2471 | D:4      | Found Yshuicor's Book Boutique.
  2526 | D:4      | Found Cymopiti's Weapon Boutique.
  2542 | D:4      | Reached skill level 5 in Armour
  2542 | D:4      | Reached skill level 5 in Shields
  2542 | D:4      | Reached XP level 7. HP: 38/61 MP: 7/7
  3117 | D:5      | Entered Level 5 of the Dungeon
  3134 | D:5      | Reached skill level 6 in Axes
  3145 | D:5      | Reached XP level 8. HP: 9/71 MP: 8/8
  3200 | D:5      | Found a shimmering altar of Xom.
  3208 | D:5      | Found a staircase to the Ecumenical Temple.
  3260 | Temple   | Entered the Ecumenical Temple
  3718 | D:5      | Found a snail-covered altar of Cheibriados.
  3966 | D:6      | Found a bloodstained altar of Trog.
  3974 | D:6      | Reached skill level 7 in Axes
  3976 | D:6      | Found a hide-covered altar of Uskayaw.
  3978 | D:6      | Found a white marble altar of Elyvilon.
  3979 | D:6      | Found a stormy altar of Qazlal.
  3979 | D:6      | Found a glowing silver altar of Zin.
  3981 | D:6      | Found an opulent altar of Gozag.
  3985 | D:6      | Became a worshipper of Gozag Ym Sagoz the Greedy
  3987 | D:6      | Found a shadowy altar of Dithmenos.
  4256 | D:6      | Reached XP level 9. HP: 75/79 MP: 9/9
  4699 | D:6      | Found a burning altar of Makhleb.
  4989 | D:7      | Reached skill level 8 in Axes
  5104 | D:7      | HP: 5/121 [killer bee (6)]
  5105 | D:7      | HP: 2/121 [killer bee (3)]
  5106 | D:7      | Slain by a black bear

Illustrated notes

Levels and vault maps discovered:
D:1:      dpeg_arrival_central, layout_basic, shapermc_ecumenical_altar_gd,
          minmay_pentomino_s2
D:2:      layout_loops_corners, serial_shops, shop,
          chequers_serial_rivers_micro_e
D:3:      layout_rooms, minmay_starry_boxes, uniq_ijyb, uniq_grinder
D:4:      layout_basic, serial_shops, shop, shop
D:5:      nicolae_BIG_FREAKIN_CUBE, layout_rooms,
          nicolae_overflow_crystal_walls, mainiacjoe_overflow_alcove_4,
          minmay_temple_entry_trees
D:6:      layout_loops_corners, minitemple, makhleb_grotto_becter
D:7:      layout_cave_pools
Temple:   minmay_temple_curvy_loop

Skill      XL: |  1  2  3  4  5  6  7  8  9 |
---------------+----------------------------+-----
Axes           | 3 4 5 6 7 8 |  8.1
Fighting       | 4 5 6 7 |  7.9
Armour         | 4 5 6 7 |  7.2
Shields        | 4 5 6 7 |  7.3

Action                     |  1- 3 |  4- 6 |  7- 9 || total
---------------------------+-------+-------+-------++-------
  Melee: War axe           |   128 |    85 |   129 ||   342
         Hand axe          |       |       |   149 ||   149
  Evoke: Wand              |       |     1 |       ||     1
    Use: Scroll            |     6 |     4 |     2 ||    12
         Potion            |       |     1 |     2 ||     3
 Armour: Scale mail        |    95 |    12 |       ||   107
         Chain mail        |       |    36 |   239 ||   275
         Skin              |       |       |    38 ||    38
  Dodge: Dodged            |    70 |    21 |   116 ||   207
  Block: Buckler           |    38 |    27 |   114 ||   179

Table legend: (Time is in decaauts)
 A = Elapsed time spent in this place.
 B = Non-inter-level travel time spent in this place.
 C = Inter-level travel time spent in this place.
 D = Time resting spent in this place.
 E = Time spent auto-exploring this place.
 F = Levels seen in this place.
 G = Mean time per level.
                   A        B        C        D        E       F      G
               +--------+--------+--------+--------+--------+-----+--------+
         Total |   5199 |   4968 |    231 |    272 |   3557 |   8 |  649.9 |
       Dungeon |   5141 |   4939 |    202 |    272 |   3557 |   7 |  734.4 |
        Temple |     57 |     28 |     29 |      0 |      0 |   1 |   57.0 |
               +--------+--------+--------+--------+--------+-----+--------+

Top non-repeatable levels by time:
     D:6: 1144 daAuts
     D:1: 915 daAuts
     D:2: 824 daAuts
     D:4: 760 daAuts
     D:3: 700 daAuts
     D:5: 660 daAuts
     D:7: 136 daAuts
  Temple: 57 daAuts
